 BcadrenCrawl: Boulder Brew version 0.05.21-81-gd28e3044bd (webtiles) character file.

Game seed: 5047795533500941303, levelgen mode: deterministic

5576 theanonym the Carver (level 10, -17/79 HPs) Minotaur Noble. Began on Sept 6, 2021. Was a Follower of Hepliaklqana. Demolished by a cacodemon (68 damage) ... on level 1 of the Abyss. The game lasted 00:17:17 (7522 turns).

theanonym the Carver (Minotaur Noble)               Turns: 7522, Time: 00:17:17

Health: -17/79     AC: 22    Str: 23    XL:     10 ^: 3005
Magic:  15/15      EV:  7    Int:  7    God:    Hepliaklqana [1* [31]]
Gold:   134        SH:  0    Dex:  9    Spells: 18/18 levels left

rFire    + . .     Vision   .   a - +0 scimitar
rCold    + . .     Gourm    +   o - +0 falchion
rNeg     . . .     Faith    .   b - +4 gold dragon scales
rCorr    . . .     Spirit   .   (helmet restricted)
rPois    +         Reflect  .   (no cloak)
rElec    .         Harm     .   d - +0 pair of gloves
MR       +....                  r - +0 pair of boots
Stlth    ..........             l - amulet of the gourmand
HPRegen  0.00/turn              i - ring of protection from magic
MPRegen  0.25/turn              (no ring)

@: about to teleport, non-regenerating, diseased
A: reduced essence, horns, retaliatory headbutt 2
a: Recall Ancestor, Ancestor Identity, Renounce Religion


Innate Abilities, Weirdness & Mutations

You reflexively attack those that strike you in melee with your horns.
Your life essence is reduced to manifest your ancestor. (-10% HP)


   Skills:
 + Level 7.6 Fighting
 * Level 10.7 Long Blades
 + Level 7.6 Armour
 + Level 5.6 Stealth
 + Level 4.5 Spellcasting


You had 18 spell levels left.
You didn't know any spells.
Your spell library was empty.

Skill      XL: |  1  2  3  4  5  6  7  8  9 |
---------------+----------------------------+-----
Stealth        | 1 2 3 4 5 |  5.6
Long Blades    | 1 2 3 4 6 8 10 | 10.7
Armour         | 1 2 3 4 5 7 |  7.6
Fighting       | 2 3 4 5 7 |  7.6
Spellcasting   | 2 3 4 |  4.5

Action                   |  1- 3 |  4- 6 |  7- 9 | 10-12 || total
-------------------------+-------+-------+-------+-------++-------
Melee: Scimitar          |   133 |   293 |   344 |    33 ||   803
       Unarmed           |   121 |   261 |   197 |       ||   579
       Headbutt          |     2 |    16 |    46 |    10 ||    74
       Falchion          |       |       |    80 |    28 ||   108
Invok: Ancestor Identity |       |       |     1 |       ||     1
       Recall Ancestor   |       |       |       |     2 ||     2
Evoke: Wand              |       |       |     1 |     1 ||     2
  Use: Potion            |       |     2 |     1 |     2 ||     5
       Scroll            |       |       |     5 |     1 ||     6
 Stab: Paralysed         |       |       |     5 |       ||     5
       Distracted        |       |       |     3 |     1 ||     4
  Eat: Chunk             |       |     3 |    25 |       ||    28
       Ration            |       |     1 |       |       ||     1
Armor: Gold dragon scale |   138 |   366 |   370 |    22 ||   896
Dodge: Dodged            |    47 |   171 |   144 |     6 ||   368
       Rpst.: Scimitar   |    15 |    46 |    47 |       ||   108
       Falchion          |       |       |     9 |     2 ||    11

Inventory:

Weapons
 a - a +0 scimitar (weapon)
 o - a +0 falchion (weapon)
Armour
 b - +4 gold dragon scales (worn)
 d - a +0 pair of gloves (worn)
 r - a +0 pair of boots (worn)
Jewellery
 g - an uncursed ring of fire
 i - a ring of protection from magic (left hand)
 l - an amulet of the gourmand (around neck)
 A - an uncursed ring of wizardry
Wands
 p - a wand of hasting (3)
 w - a wand of flame
Scrolls
 t - a scroll of teleportation
 u - a scroll of immolation
 x - 2 scrolls of holy word
 y - a scroll of magic mapping
 B - 2 scrolls of blinking
Potions
 c - a potion of brilliance
 f - 3 potions of mutation
 h - 2 potions of haste
 j - a potion of agility
 k - a potion of cure mutation
 s - a potion of invisibility
 C - 3 potions of curing
Comestibles
 e - 6 rations


You were on level 1 of the Abyss.
You worshipped Hepliaklqana.
Hepliaklqana was aware of your devotion.
You were not hungry.

You visited 2 branches of the dungeon, and saw 6 of its levels.
You visited the Abyss 1 time.
You also visited: Market.

You collected 248 gold pieces.
You spent 1114 gold pieces at shops.

Dungeon Overview and Level Annotations

Branches:
Dungeon (5/8)              Temple (1/1) D:4
   Lair: D:5

Altars:
Ashenzari
Cheibriados
Dithmenos
Elyvilon
Fedhas Madash
Gozag Ym Sagoz
Hepliaklqana
Nemelex Xobeh
Qazlal
Sif Muna
Trog
Uskayaw
Wu Jian
Xom
Zin
The Shining One

Shops:
D:2 }   D:3 !:**

Annotations:
D:2 exclusion: door

## . .§# # #§. .# #§.##
#.##.# .#. #§#§§#..#.§
#...####.§E##§§.§## # ..
......°#@..#...## #.#
..........#2..§§...### .
.......##.#.#.§§....# ..
...X....#..#.#...........
...X............## . ....
.X##.......§#...#..### ..
X ...##.#§......## ##.#
..... §#...#..#..# #..
..... ............ ...


You could see a cacodemon and a fire elemental.

Notes
Turn   | Place    | Note
-------+----------+-------------------------------------------
     0 | Start Ma | theanonym the Minotaur Noble began the quest for the Orb.
     0 | Start Ma | Reached XP level 1. HP: 16/16 MP: 1/1
     0 | Start Ma | Found Rumeyssy's Expert Tomes.
     6 | Start Ma | Found Wypsituc's Auxillary Armour.
     7 | Start Ma | Bought +0 gold dragon scales for 800 gold pieces
    25 | Start Ma | Found Taiwey's Mashing MeleeMart.
    27 | Start Ma | Bought a +0 scimitar for 160 gold pieces
    35 | D:1      | theanonym set off with the following items: a +0 scimitar,
                  | +0 gold dragon scales, a ration
    92 | D:1      | Reached skill level 1 in Stealth
   126 | D:1      | Reached skill level 1 in Long Blades
   131 | D:1      | Reached skill level 1 in Armour
   131 | D:1      | Reached XP level 2. HP: 23/24 MP: 2/2
   285 | D:1      | Reached XP level 3. HP: 24/29 MP: 3/3
   288 | D:1      | Reached skill level 2 in Fighting
   605 | D:1      | Reached skill level 2 in Long Blades
   769 | D:2      | Reached XP level 4. HP: 36/36 MP: 3/5
   834 | D:2      | Found Duontayr's Gadget Emporium.
   900 | D:2      | Reached skill level 3 in Long Blades
   900 | D:2      | Reached skill level 2 in Armour
   959 | D:2      | HP: 16/37 [acid (8)]
   961 | D:2      | Reached XP level 5. HP: 13/42 MP: 6/6
   966 | D:2      | HP: 8/42 [adder (2)]
  1167 | D:2      | Reached skill level 2 in Stealth
  1328 | D:1      | Reached skill level 3 in Fighting
  1333 | D:1      | HP: 19/45 [sewer rat (4)]
  1337 | D:1      | HP: 9/45 [sewer rat (5)]
  1344 | D:1      | HP: 6/45 [sewer rat (3)]
  1349 | D:1      | HP: 6/45 [sewer rat (1)]
  1521 | D:2      | Reached XP level 6. HP: 45/51 MP: 7/7
  1584 | D:2      | Reached skill level 4 in Long Blades
  1603 | D:2      | HP: 24/51 [sewer rat (6)]
  1613 | D:2      | HP: 17/51 [sewer rat (2)]
  1759 | D:2      | Found an opulent altar of Gozag.
  1772 | D:2      | HP: 20/51 [big kobold/+0 club (8)]
  1776 | D:2      | Reached skill level 3 in Armour
  1776 | D:2      | Reached skill level 2 in Spellcasting
  2026 | D:2      | HP: 24/51 [sewer rat (3)]
  2200 | D:2      | Reached XP level 7. HP: 50/58 MP: 9/9
  2214 | D:2      | Reached skill level 5 in Long Blades
  2366 | D:2      | Noticed Blork the orc
  2379 | D:2      | Killed Blork the orc
  2379 | D:2      | Reached skill level 4 in Fighting
  2532 | D:2      | HP: 28/59 [acid (9)]
  2699 | D:2      | Reached skill level 3 in Stealth
  2705 | D:2      | HP: 29/59 [water moccasin (8)]
  2710 | D:2      | HP: 23/59 [poisoned by a water moccasin]
  2717 | D:2      | HP: 21/59 [poisoned by a water moccasin]
  2719 | D:2      | Reached skill level 6 in Long Blades
  2719 | D:2      | Reached skill level 4 in Armour
  2723 | D:2      | HP: 17/60 [poisoned by a water moccasin]
  2989 | D:2      | Reached XP level 8. HP: 66/67 MP: 11/11
  3390 | D:2      | Found a shimmering altar of Xom.
  3390 | D:2      | Found a shimmering altar of Xom.
  3390 | D:2      | Found a shimmering altar of Xom.
  3390 | D:2      | Found a shimmering altar of Xom.
  3390 | D:2      | Found a shimmering altar of Xom.
  3390 | D:2      | Found a shimmering altar of Xom.
  3390 | D:2      | Found a shimmering altar of Xom.
  3390 | D:2      | Noticed a boulder beetle
  3398 | D:2      | Reached skill level 5 in Fighting
  3398 | D:2      | Reached skill level 7 in Long Blades
  3398 | D:2      | Reached skill level 3 in Spellcasting
  3401 | D:2      | Reached skill level 5 in Armour
  3402 | D:2      | Reached skill level 4 in Stealth
  3405 | D:2      | Reached skill level 8 in Long Blades
  3480 | D:2      | Reached XP level 9. HP: 74/75 MP: 13/13
  3915 | D:3      | Found Sevyni's Book Boutique.
  4007 | D:3      | Found Jusis's Distillery.
  4024 | D:3      | Bought a potion of might for 44 gold pieces
  4024 | D:3      | Bought a potion of heal wounds for 55 gold pieces
  4024 | D:3      | Bought a potion of curing for 33 gold pieces
  4110 | D:3      | Found Soczogy's General Store.
  4472 | D:3      | Found Ujaivvap's Assorted Antiques.
  4482 | D:3      | Bought a scroll labeled LEOPOH QEWKECSES for 22 gold pieces
  4912 | D:4      | Found a hide-covered altar of Uskayaw.
  4934 | D:4      | Reached skill level 6 in Fighting
  5041 | D:4      | Noticed Grum
  5057 | D:4      | HP: 32/75 [Grum/+1 glaive (13)]
  5075 | D:4      | HP: 21/75 [war dog[Grum] (9)]
  5091 | D:4      | HP: 15/75 [war dog[Grum] (11)]
  5098 | D:4      | HP: 8/75 [war dog[Grum] (10)]
  5325 | D:4      | Found a staircase to the Ecumenical Temple.
  5335 | Temple   | Entered the Ecumenical Temple
  5406 | Temple   | Became a worshipper of Hepliaklqana the Forgotten
  5513 | D:4      | Killed Grum
  5513 | D:4      | Reached skill level 6 in Armour
  5635 | D:4      | Reached skill level 9 in Long Blades
  6020 | D:5      | Entered Level 5 of the Dungeon
  6162 | D:5      | Reached skill level 4 in Spellcasting
  6162 | D:5      | Noticed a two-headed ogre
  6166 | D:4      | Reached skill level 5 in Stealth
  6174 | D:4      | HP: 35/70 [poisoned by a killer bee]
  6179 | D:4      | HP: 31/70 [poisoned by a killer bee]
  6185 | D:4      | HP: 29/70 [poisoned by a killer bee]
  6191 | D:4      | HP: 27/70 [poisoned by a killer bee]
  6197 | D:4      | HP: 27/70 [poisoned by a killer bee]
  6204 | D:4      | HP: 28/70 [poisoned by a killer bee]
  6500 | D:5      | Reached skill level 7 in Fighting
  6503 | D:5      | HP: 52/106 [killer bee (2)]
  6507 | D:5      | Noticed a green ugly thing
  6508 | D:5      | HP: 39/106 [gnoll/+0 spear (8)]
  6640 | D:5      | Killed a green ugly thing
  6640 | D:5      | Reached skill level 10 in Long Blades
  6640 | D:5      | Reached skill level 7 in Armour
  6640 | D:5      | Reached XP level 10. HP: 49/77 MP: 15/15
  6645 | D:5      | HP: 38/77 [orc priest/divine providence (13)]
  6847 | D:5      | HP: 32/77 [ogre/+0 giant club (18)]
  6848 | D:5      | HP: 14/77 [orc warrior/+0 halberd of chopping (4)]
  7033 | D:5      | HP: 21/77 [orc warrior/+0 halberd of chopping (19)]
  7034 | D:5      | HP: 10/77 [orc warrior/+0 halberd of chopping (2)]
  7082 | D:5      | HP: 38/77 [killer bee (4)]
  7208 | D:5      | HP: 32/77 [two-headed ogre/+0 giant spiked club (24)]
  7209 | D:5      | HP: 2/77 [two-headed ogre/+0 giant spiked club (14)]
  7214 | D:5      | Killed a two-headed ogre
  7313 | D:5      | HP: 33/77 [killer bee (6)]
  7476 | D:5      | Cast into level 1 of the Abyss (orc wizard)
  7489 | Abyss:1  | Reached * piety under Hepliaklqana
  7511 | Abyss:1  | Noticed a cacodemon
  7514 | Abyss:1  | Noticed a sixfirhy
  7516 | Abyss:1  | Noticed a starcursed mass
  7522 | Abyss:1  | Killed a sixfirhy
  7522 | Abyss:1  | Demolished by a cacodemon

Vanquished Creatures
  A two-headed ogre (D:5)
  An ugly thing (D:5)
  A wyvern (D:4)
  5 wandering mushrooms (D:2)
  3 war dogs (D:4)
  2 water moccasins (D:2)
  An ogre (D:5)
  A big kobold (D:2)
  Blork the orc (D:2)
  4 bullfrogs
  A howler monkey (D:4)
  6 killer bees
  2 crimson imps
  4 orc priests
  2 hounds
  9 jellies (D:2)
  3 orc wizards
  2 iguanas (D:4)
  4 worker ants
  A wyvern skeleton (D:4)
  6 giant cockroaches
  8 adders
  3 gnolls (D:5)
  41 sewer rats
  7 cinder newts
  5 worms (D:2)
  2 oozes (D:2)
  3 leopard geckos (D:2)
  11 orcs
  2 adder skeletons
  11 bats
  A goblin (D:1)
  5 hobgoblins (D:1)
  3 jackals (D:3)
  15 kobolds
  6 ball pythons
  2 bat skeletons (D:2)
  A goblin skeleton (D:2)
  A hobgoblin skeleton (D:2)
  2 quokka skeletons (D:3)
  8 rats
  A rat skeleton (D:2)
198 creatures vanquished.

Vanquished Creatures (collateral kills)
  Grum (D:4)
  A wyvern (D:5)
  An orc warrior (D:5)
  A sky beast (D:5)
  An ogre (D:5)
  A big kobold (D:5)
  3 killer bees
  A jelly (D:5)
  3 orcs
13 creatures vanquished.

Vanquished Creatures (others)
  A sixfirhy (Abyss:1)
  An ancient zyme (Abyss:1)
  11 wandering mushrooms (D:2)
  2 jellies (D:2)
  3 sewer rats (D:2)
  A worm (D:2)
  A kobold (D:2)
  A bat (D:2)
  3 ancestors
  A giant blowfly (D:2)
  36 plants (D:5)
  8 slimeheads (D:2)
  110 withered plants (D:2)
179 creatures vanquished.

Grand Total: 390 creatures vanquished

Table legend:
 A = Turns spent in this place as a percentage of turns spent in the entire game.
 B = Non-inter-level travel turns spent in this place as a percentage of non-inter-level travel turns spent in the entire game.
 C = Inter-level travel turns spent in this place as a percentage of turns spent in this place.
 D = Turns resting spent in this place as a percentage of non-inter-level travel turns spent in this place.
 E = Turns spent auto-exploring this place as a percentage of non-inter-level travel turns spent in this place.
 F = Non-inter-level travel turns spent in this place divided by the number of levels of this place that you've seen.
                   A       B       C       D       E      F
               +-------+-------+-------+-------+-------+----------------------
         Total | 100.0 | 100.0 |   5.5 |  36.2 |  40.3 | 888.5
       Dungeon |  97.8 |  98.0 |   5.4 |  37.0 |  40.2 | 1393.2
        Temple |   1.1 |   0.9 |  24.7 |   0.0 |  95.1 |  61.0
         Abyss |   0.6 |   0.6 |   0.0 |   0.0 |   2.2 |  46.0
        Market |   0.5 |   0.5 |   0.0 |   0.0 |   0.0 |  35.0
               +-------+-------+-------+-------+-------+----------------------
